 Dungeon Crawl Stone Soup version 0.26.0-18-gc5c842f807 (webtiles) character file.

Game seed: 7864725325109066189

6134 waddelsworth the Protected (level 10, -1/93 HPs)
             Began as a Minotaur Fighter on Jan 23, 2021.
             Was a Priest of Qazlal.
             Killed by divine providence
             ... invoked by an orc priest
              (11 damage)
             ... on level 12 of the Dungeon.
             The game lasted 00:21:40 (8179 turns).

waddelsworth the Protected (Minotaur Fighter)       Turns: 8179, Time: 00:21:40

Health: -1/93      AC: 21    Str: 21    XL:     10   Next: 59%
Magic:  1/9        EV:  7    Int:  5    God:    Qazlal [***...]
Gold:   396        SH: 16    Dex: 14    Spells: 9/9 levels left

rFire    . . .     SeeInvis +   i - +1 mace (holy)
rCold    . . .     Faith    .   c - +0 kite shield
rNeg     . . .     Spirit   .   G - +7 chain mail "Reoku" {rPois Str-2 Dex+3 SInv}
rPois    +         Reflect  .   h - +1 hat
rElec    .         Harm     .   (no cloak)
rCorr    .         Rampage  .   j - +0 pair of gloves
Will     +....                  (no boots)
Stlth    ..........             C - amulet of regeneration
HPRegen  0.65/turn              J - ring of willpower
MPRegen  0.11/turn              B - ring of stealth

@: mighty
A: retaliatory headbutt, horns 2
a: Renounce Religion, Upheaval, Elemental Force


You were on level 12 of the Dungeon.
You worshipped Qazlal.
Qazlal was most pleased with you.
You visited 2 branches of the dungeon, and saw 11 of its levels.

You collected 396 gold pieces.

Inventory:

Hand Weapons
 a - a +0 war axe
 i - a +1 mace of holy wrath (weapon)
Missiles
 l - 2 datura-tipped darts (quivered)
 p - 64 poisoned darts
 H - 8 curare-tipped darts
Armour
 c - a +0 kite shield (worn)
 h - a +1 hat (worn)
 j - a +0 pair of gloves (worn)
 G - the +7 chain mail "Reoku" (worn) {rPois Str-2 Dex+3 SInv}
   (You found it on level 7 of the Dungeon)

   It affects your strength (-2).
   It affects your dexterity (+3).
   It protects you from poison.
   It lets you see invisible.
Jewellery
 o - an uncursed amulet of the acrobat
 B - a ring of stealth (right hand)
 C - an amulet of regeneration (around neck)
 I - an uncursed ring of flight
 J - a ring of willpower (left hand)
Wands
 v - a wand of acid (5)
 x - a wand of random effects (27)
Scrolls
 e - 4 scrolls of remove curse
 k - a scroll of teleportation
 q - 2 scrolls of immolation
 s - 6 scrolls of identify
 t - a scroll of fog
 w - 2 scrolls of blinking
 y - a scroll of fear
 A - a scroll of holy word
 F - a scroll of enchant armour {unknown}
Potions
 d - 2 potions of might
 f - 3 potions of mutation
 m - 2 potions of invisibility
 n - 6 potions of curing
 u - a potion of ambrosia
 D - a potion of resistance


   Skills:
 + Level 10.2 Fighting
 - Level 2.7(6.6) Axes
 + Level 9.4(9.6) Maces & Flails
 + Level 10.3 Armour
 + Level 10.2 Shields


You had 9 spell levels left.
You didn't know any spells.
Your spell library was empty.

Dungeon Overview and Level Annotations

Branches:
Dungeon (9/15)             Temple (1/1) D:5
   Lair: D:8-11         Orc: D:9-12

Altars:
Ashenzari
Cheibriados
Dithmenos
Elyvilon
Fedhas
Gozag
Hepliaklqana
Kikubaaqudgha
Nemelex Xobeh
Okawaru
Qazlal
Ru
Sif Muna
Trog
Uskayaw
Vehumet
Wu Jian
Xom
Yredelemnul
Zin
The Shining One

Shops:
D:4 [   D:6 }   D:7 *


Innate Abilities, Weirdness & Mutations

You reflexively headbutt those who attack you in melee.
You have a pair of horns on your head.


Message History

Press: ? - help, Dir - move target, f/p - orc wizard
Aim: an orc wizard, wielding a +0 dagger and wearing a +0 robe (heavily wounded, fast, slightly transparent)
The ground shakes violently, spewing rubble!
The blast of rubble hits the orc wizard!
The orc wizard is almost dead.
You hear a shout!
The troll bites you but does no damage. You block the troll's attack.
The troll claws you.
* * * LOW HITPOINT WARNING * * *
You closely miss the troll. The troll completely misses you.
The troll claws you but does no damage. You block the troll's attack.
Your chain mail "Reoku" prevents you from hitting the wraith.
You headbutt the wraith!
The wraith is moderately damaged.
You block the wraith's attack. The troll bites you!
* * * LOW HITPOINT WARNING * * *
The troll completely misses you. You block the troll's attack.
The orc priest mumbles some strange prayers to Beogh against you.
Beogh smites you!
You die...

,,,**#.**#####......#
**,,,,,,............#
**,,**,#######.....#
***,,,,,,* #.....#
,,,,***<,* #.....#
**,,,,,,,**** ##...##
,,,,,>,,,,,,***#...#
,,,*****,,,,,,,#°○.#
**,*******,**,*#@(.#
*,,,,,,,....ooTW..#
*******,.....##...#
*,..<.,,....#
******,...,,##...#
***,,,,,,..,,,*#####
,,,,≈≈≈≈≈.,,,,*
**,,≈,>,≈,,,,,*
*,,≈,∩,≈,,,,,*


You could see a troll, a wraith, an orc priest and an orc wizard (fast,
invisible).

Vanquished Creatures
  A two-headed ogre (D:12)
  A gargoyle (D:12)
  A centaur skeleton (D:12)
  A wyvern (D:9)
  4 yaks (D:12)
  Sigmund (D:5)
  A water moccasin (D:8)
  3 orc warriors
  A black bear (D:8)
  3 sky beasts (D:6)
  An ice beast (D:8)
  A phantom (D:5)
  2 ogres
  6 centaurs
  2 big kobolds
  2 bullfrogs (D:6)
  A water moccasin skeleton (D:6)
  4 scorpions
  11 wights
  4 howler monkeys
  3 bullfrog zombies
  7 hounds
  4 orc priests
  A bullfrog skeleton (D:12)
  2 iguanas
  10 orc wizards
  6 worker ants
  2 hound skeletons
  7 gnolls (D:3)
  13 adders
  2 shadow imps
  A white imp (D:7)
  4 ufetubi
  2 oozes
  An adder zombie (D:5)
  3 worms
  A dart slug (D:3)
  4 leopard geckos
  56 orcs
  3 ball pythons
  6 giant cockroaches
  13 goblins
  7 hobgoblins
  13 jackals
  3 quokkas
  6 bats
  6 frilled lizards
  18 kobolds
  3 rats
258 creatures vanquished.

Vanquished Creatures (others)
  6 plants (D:3)
6 creatures vanquished.

Grand Total: 264 creatures vanquished

Notes
Turn   | Place    | Note
-------+----------+-------------------------------------------
     0 | D:1      | waddelsworth the Minotaur Fighter began the quest for the
                  | Orb.
     0 | D:1      | Reached XP level 1. HP: 19/19 MP: 0/0
   219 | D:1      | Reached XP level 2. HP: 27/27 MP: 1/1
   958 | D:2      | Reached XP level 3. HP: 33/33 MP: 2/2
   996 | D:2      | Reached skill level 1 in Maces & Flails
  1567 | D:2      | Reached XP level 4. HP: 35/40 MP: 3/3
  2166 | D:3      | Reached XP level 5. HP: 47/47 MP: 4/4
  2294 | D:3      | Found a faded altar of an unknown god.
  2307 | D:3      | Reached skill level 5 in Armour
  2755 | D:4      | Reached skill level 5 in Fighting
  2755 | D:4      | Reached skill level 5 in Shields
  2803 | D:4      | Reached XP level 6. HP: 56/56 MP: 5/5
  2828 | D:4      | Found Fash's Antique Armour Boutique.
  3104 | D:4      | Found a snail-covered altar of Cheibriados.
  3151 | D:4      | Found an iron altar of Okawaru.
  3538 | D:5      | Entered Level 5 of the Dungeon
  3644 | D:5      | Reached XP level 7. HP: 53/62 MP: 6/6
  4267 | D:5      | Noticed Sigmund
  4268 | D:5      | Found a staircase to the Ecumenical Temple.
  4279 | D:5      | Killed Sigmund
  4288 | Temple   | Entered the Ecumenical Temple
  4451 | Temple   | Became a worshipper of Qazlal Stormbringer
  4584 | D:5      | Reached skill level 5 in Maces & Flails
  4718 | D:5      | Reached XP level 8. HP: 71/71 MP: 7/7
  5410 | D:6      | Found Ofiebierph's Gadget Boutique.
  6047 | D:6      | Reached * piety under Qazlal
  6068 | D:6      | Reached XP level 9. HP: 81/81 MP: 8/8
  6632 | D:7      | Reached ** piety under Qazlal
  6642 | D:7      | Found Aforidgh's Assorted Antiques.
  6647 | D:7      | Found an ornate altar of the Wu Jian Council.
  6676 | D:7      | Found a broken altar of Ashenzari.
  6903 | D:7      | Found a shimmering altar of Xom.
  6953 | D:7      | Got a distressingly furry chain mail
  6954 | D:7      | Identified the +7 chain mail "Reoku" {rPois Str-2 Dex+3
                  | SInv} (You found it on level 7 of the Dungeon)
  7902 | D:9      | Reached *** piety under Qazlal
  7907 | D:9      | Reached XP level 10. HP: 90/91 MP: 9/9
  7981 | D:9      | You fall into a shaft and drop 3 floors!
  8021 | D:12     | Noticed a two-headed ogre
  8040 | D:12     | Killed a two-headed ogre
  8070 | D:12     | Noticed a gargoyle
  8100 | D:12     | Reached skill level 10 in Fighting
  8100 | D:12     | Reached skill level 10 in Armour
  8107 | D:12     | Reached skill level 10 in Shields
  8120 | D:12     | HP: 3/93 [gargoyle/+0 flail (16)]
  8128 | D:12     | Killed a gargoyle
  8179 | D:12     | Killed from afar by an orc priest

Illustrated notes

Levels and vault maps discovered:
D:1:      dpeg_arrival_stonehenge_8_columns, layout_basic, minmay_tromino_mix6
D:2:      layout_loops_corners, minmay_split_cup_large
D:3:      layout_basic, chequers_ecumenical_altar_lobes
D:4:      layout_loops_ring, okawaru_altar_gauntlet_db, lemuel_doored_altar,
          serial_shops, shop
D:5:      layout_gridville, minmay_temple_entry_junction_2, uniq_sigmund
D:6:      layout_cave_pods, serial_shops, nicolae_shop_crystal
D:7:      layout_cave_pools, kennysheep_mini_moat, grunt_temple_overflow_open,
          serial_shops, nicolae_shop_stone
D:8:      layout_loops_corners
D:9:      layout_gridville, lemuel_coloured_pillars_altar, hiddenorc1_lemuel,
          serial_shops, kennysheep_mini, tgw_trog
D:12:     layout_rooms, enter_bailey_5, serial_curves, eino_curves_04,
          eino_curves_01, kennysheep_just_a_vault
Temple:   nicolae_temple_elliptical

Skill      XL: |  1  2  3  4  5  6  7  8  9 10 |
---------------+-------------------------------+-----
Fighting       | 4 5 6 7 9 10 | 10.2
Armour         | 4 5 6 8 9 10 | 10.3
Shields        | 4 5 6 7 9 10 | 10.2
Maces & Flails | 1 2 3 4 5 6 8 9 |  9.4
Axes           | |  2.7

Action                   |  1- 3 |  4- 6 |  7- 9 | 10-12 || total
-------------------------+-------+-------+-------+-------++-------
Melee: War axe           |    30 |       |       |       ||    30
       Headbutt          |    13 |    28 |    85 |    31 ||   157
       Mace              |    65 |   205 |   439 |   131 ||   840
Invok: Upheaval          |       |       |       |     4 ||     4
  Use: Scroll            |       |       |    17 |     1 ||    18
       Potion            |       |       |       |     3 ||     3
Armor: Scale mail        |    14 |       |       |       ||    14
       Chain mail        |    29 |   134 |   236 |    25 ||   424
Dodge: Dodged            |    27 |    46 |    84 |    26 ||   183
Block: Kite shield       |    54 |   113 |   281 |    84 ||   532
